 Dungeon Crawl Stone Soup version 0.31.0-11-ge490571c62 (webtiles) character file.

Game seed: 11391455700358444592

88 qw the Shooter (level 4, 0/22 HPs)
             Began as a Spriggan Hunter on Feb 4, 2024.
             Slain by Grinder (9 damage)
             ... while paralysed by Grinder
             ... on level 3 of the Dungeon.
             The game lasted 00:00:05 (1244 turns).

qw the Shooter (Spriggan Hunter)                    Turns: 1244, Time: 00:00:05

Health: 0/22       AC:  3    Str:  7    XL:     4   Next: 30%
Magic:  5/5        EV:  4    Int: 10    God:
Gold:   96         SH:  0    Dex: 20    Spells: 3/3 levels left

rFire   . . .        a - +0 shortbow
rCold   . . .        (shield currently unavailable)
rNeg    . . .        c - +0 robe
rPois   .            (helmet restricted)
rElec   .            e - +0 cloak
rCorr   .            (gloves unavailable)
SInv    +            (boots unavailable)
Will    .....        (no amulet)
Stlth   ++           (no ring)
HPRegen 0.23/turn    (no ring)
MPRegen 0.09/turn

%: no passive effects
@: paralysed, hasted, very quick
A: very small, no large weapons, unfitting armour, see invisible, speed 3
a: no special abilities


You were on level 3 of the Dungeon.
You visited 1 branch of the dungeon, and saw 3 of its levels.

You collected 96 gold pieces.


Innate Abilities, Weirdness & Mutations

You are very small and have problems with some larger weapons.
You are too small for most types of armour.
You have supernaturally acute eyesight. (SInv)
You cover ground extremely quickly. (Speed+++)


   Skills:
 - Level 1.5 Fighting
 - Level 5.0 Ranged Weapons
 + Level 4.7 Dodging
 - Level 1.5 Stealth


You had 3 spell levels left.
You didn't know any spells.
Your spell library was empty.

Inventory:

Hand Weapons
 a - a +0 shortbow (weapon)
Armour
 c - a +0 robe (worn)
 e - a +0 cloak (worn)
Wands
 f - a wand of mindburst (8)
Scrolls
 i - 2 scrolls of teleportation
Potions
 b - a potion of lignification {unknown}
 d - a potion of curing {unknown}
 g - a potion of degeneration {unknown}
 j - a potion of magic {unknown}
 k - a potion of enlightenment {unknown}

Dungeon Overview and Level Annotations

Branches:
Dungeon (3/15)

Altars:

Annotations:
D:3 Grinder


Message History

A hobgoblin comes into view.
You shoot an arrow. The arrow hits the hobgoblin.
The hobgoblin shouts!
The hobgoblin is lightly wounded.
You shoot an arrow. The arrow closely misses the hobgoblin.
You shoot an arrow. The arrow barely misses the hobgoblin.
You shoot an arrow. The arrow hits the hobgoblin!
You kill the hobgoblin!
There is an open door here.
You open the door.
There is an open door here.
Found a stone staircase leading down.
Found a robe.
You see here a +0 robe.
Grinder comes into view.
1235 ||| DRINKING potion of haste.
You feel yourself speed up.
You shoot an arrow. The arrow hits Grinder!
Grinder shouts!
Grinder is lightly wounded.
You shoot an arrow.
The arrow hits Grinder but does no damage.
Grinder is lightly wounded.
You shoot an arrow. The arrow closely misses Grinder.
Grinder gestures at you. Pain shoots through your body!
You shoot an arrow. The arrow hits Grinder.
Grinder is moderately wounded.
You shoot an arrow. The arrow barely misses Grinder.
Grinder hits you!
You writhe in agony.
You shoot an arrow. The arrow hits Grinder!
Grinder is heavily wounded.
You shoot an arrow. The arrow hits Grinder!
Grinder is severely wounded.
Grinder closely misses you.
You shoot an arrow. The arrow closely misses Grinder.
Grinder gestures at you.
You suddenly lose the ability to move!
Grinder hits you!
You die...
Grinder sighs, "Dead already?
I want a refund."

##.....## #. ##...##
#. ..# ##'## #.##..#
#.# #.....# #.#
#..##.# ##.##
####.....# ##...##
#...5....# #.....#
#@##.#######...##
.###..........##.## #
#........#####.##.####
########## #........
####.#### #.# # #.#
######.### #........#


You could see Grinder.

Vanquished Creatures
  3 adders (D:2)
  A dart slug (D:2)
  A ribbon worm (D:2)
  An orc (D:3)
  A ball python (D:2)
  2 endoplasms
  A giant cockroach (D:1)
  7 goblins
  7 hobgoblins
  7 jackals (D:1)
  2 kobolds
  2 quokkas
  5 bats
  2 frilled lizards
  8 rats
50 creatures vanquished.

Notes
Turn   | Place    | Note
-------+----------+-------------------------------------------
     0 | D:1      | qw the Spriggan Hunter began the quest for the Orb.
     0 | D:1      | Reached XP level 1. HP: 10/10 MP: 2/2
     0 | D:1      | 0 ||| qw: Version: 0.3-a-160-g6735b56
     0 | D:1      | 0 ||| qw: Game counter: 5280
     0 | D:1      | 0 ||| qw: Melee chars always use a shield: true
     0 | D:1      | 0 ||| qw: God list: Okawaru
     0 | D:1      | 0 ||| qw: Allow faded altars: false
     0 | D:1      | 0 ||| qw: Do Orc after clearing Dungeon:15 true
     0 | D:1      | 0 ||| qw: Do second Lair branch before Depths: true
     0 | D:1      | 0 ||| qw: Lair rune preference: random
     0 | D:1      | 0 ||| qw: Goals: Normal
     0 | D:1      | 0 ||| PLANNING D:1-11
     9 | D:1      | Reached skill level 3 in Dodging
    90 | D:1      | Reached XP level 2. HP: 14/14 MP: 3/3
   142 | D:1      | Found a faded altar of an unknown god.
   228 | D:1      | Reached XP level 3. HP: 18/18 MP: 4/4
   490 | D:1      | 490 ||| UPGRADING to +0 cloak.
   495 | D:1      | 495 ||| READING scroll labelled NURRI COUVI.
   496 | D:1      | 496 ||| READING 2 scrolls labelled DEENUL HEUFFI.
   499 | D:1      | 499 ||| DROPPING scroll of butterflies.
   577 | D:2      | Reached skill level 5 in Ranged Weapons
   635 | D:2      | Reached XP level 4. HP: 22/22 MP: 5/5
   953 | D:2      | 953 ||| READING 2 scrolls labelled LUCVEK SUSULO.
   954 | D:2      | 954 ||| READING scroll labelled ZOUGOIGEDAW.
  1055 | D:2      | 1055 ||| DRINKING 2 blue potions.
  1056 | D:2      | 1056 ||| DROPPING scroll of blinking.
  1234 | D:3      | Noticed Grinder
  1235 | D:3      | 1235 ||| DRINKING potion of haste.
  1243 | D:3      | Paralysed by Grinder for 3 turns
  1244 | D:3      | Slain by Grinder

Levels and vault maps discovered:
D:1:      dpeg_arrival_orchard, layout_basic, ebering_ecumenical_altar_webs
D:2:      layout_basic
D:3:      layout_loops_corners, uniq_grinder

Skill      XL: |  1  2  3 |
---------------+----------+-----
Dodging        | 3 4 |  4.7
Ranged Weapons | 5 |  5.0
Fighting       | |  1.5
Stealth        | |  1.5

Action                     |  1- 3 |  4- 6 || total
---------------------------+-------+-------++-------
   Fire: Shortbow          |   100 |    39 ||   139
    Use: Scroll            |     2 |     2 ||     4
         Potion            |       |     2 ||     2
 Armour: Robe              |     5 |     2 ||     7
  Dodge: Dodged            |    37 |     5 ||    42

Table legend:
 A = Non-vault XP
 B = Vault XP
 C = Vault XP percentage of total XP
 D = Non-vault monster count
 E = Vault monster count
 F = Vault count percentage of total count
                 A         B        C        D         E       F
            +---------+---------+-------+---------+---------+-------
      Total |     127 |       0 |   0.0 |      50 |       0 |   0.0
            +---------+---------+-------+---------+---------+-------
        D:1 |      55 |       0 |   0.0 |      30 |       0 |   0.0
        D:2 |      66 |       0 |   0.0 |      17 |       0 |   0.0
        D:3 |       6 |       0 |   0.0 |       3 |       0 |   0.0
            +---------+---------+-------+---------+---------+-------
